Connexion

MONTREAL Canadiens vs ARIZONA Coyotes

Created - 9 octobre 2023 at 07:16

Goals
1 2 3 T
MONTREAL Canadiens 6 1 0 7
ARIZONA Coyotes 1 1 1 3
Shots
1 2 3 T
MONTREAL Canadiens 14 8 6 28
ARIZONA Coyotes 8 10 14 32

GoalsPenalties
1st period
1. MONTREAL Canadiens , Jake Guentzel 6 (Brock Boeser 10, Dakota Mermis 13) at 0:28
2. MONTREAL Canadiens , Cam Atkinson 15 (Kris Letang 8, Tyson Barrie 21) at 1:43
3. MONTREAL Canadiens , Kailer Yamamoto 6 (Brock Boeser 11, Tyson Barrie 22) at 3:23
4. MONTREAL Canadiens , Brock Boeser 8 (Kailer Yamamoto 13, Tyson Barrie 23) at 8:56 (PP)
5. MONTREAL Canadiens , Joel Edmundson 3 (Cam Atkinson 15, Patrick Kane 16) at 13:43 (PP)
6. MONTREAL Canadiens , Tyler Seguin 9 (Joel Edmundson 4, Cam Atkinson 16) at 17:58
7. ARIZONA Coyotes , Klim Kostin 4 (Nazem Kadri 16) at 19:36
Dougie Hamilton (ARI) for Kneeing (Minor) at 3:56
Justin Abdelkader (ARI) for Hooking (Minor) at 8:16
Madison Bowey (ARI) for Roughing (Minor) at 12:29
2nd period
8. ARIZONA Coyotes , Matthew Tkachuk 7 (Nazem Kadri 17, Brayden Point 13) at 0:17
9. MONTREAL Canadiens , Brock Boeser 9 (Matthew Benning 6) at 17:58
Kris Letang (MTL) for Holding (Minor) at 19:11
3rd period
10. ARIZONA Coyotes , Matt Boldy 8 (Dillon Dube 9, Dougie Hamilton 13) at 12:03
Carl Grundstrom (MTL) for Roughing (Minor) at 17:27
Vince Dunn (ARI) for High sticking (Minor) at 18:34
Goalie Stats
Kevin Lankinen (MTL), 29 saves from 32 shots - (0,906), W, 13-2-2, 60:00 minutes
Andrei Vasilevsky (ARI), 4 saves from 8 shots - (0,500), L, 10-7-0, 8:56 minutes
Jaroslav Halak (ARI), 17 saves from 20 shots - (0,850), 51:04 minutes
3 StarsOfficial
1 - Brock Boeser (MTL)
2 - Cam Atkinson (MTL)
3 - Kailer Yamamoto (MTL)
Referees : Tom Kowal and Kyle Rehman
Linesman : Mike Cvik and Brad Kovachik
Game Note
Jaroslav Halak enters game at 8:56 of 1st period
Finance
Level 1 -- Attendance: 6000 (100,00%) -- Ticket Income 798 000 $
Level 2 -- Attendance: 4094 (99,25%) -- Ticket Income 421 682 $
Level 3 -- Attendance: 938 (46,90%) -- Ticket Income 95 676 $
Level 4 -- Attendance: 3430 (85,75%) -- Ticket Income 133 770 $
Luxury Box -- Attendance: 1000 (100,00%) -- Ticket Income 252 000 $
Game was played at the Jobing.com Arena.
Total Attendance: 15462 (90,29%)
Total Ticket Income: 1 701 128 $
Other Income: 340 226 $
Total Income: 2 041 354 $



Team Name Goals Shots Shots Attemp Shots Blocked PIM HIT PP PK FO%
MONTREAL Canadiens 7287394232 / 4 (50%)057%
ARIZONA Coyotes 3325898190 / 2 (0%)243%

MONTREAL Canadiens
Player Name POS G A P +/- PIM HIT SHT SB MP PP MP PP SHT PK MP PK SHT FO% FOT
Boone JennerC/LW0000001014:252:5300:19046% 13
Brett HowdenC/LW000001005:540:0000:000100% 3
Brock BoeserRW2242003019:262:5310:0000% 2
Cam AtkinsonLW/RW1230036020:041:3310:19033% 3
Carl GrundstromRW000021005:530:0000:000100% 1
Dakota MermisD0111020119:521:3301:4400% 0
Gabriel VilardiC/RW0000001011:510:0000:460100% 1
Isac LundestromC/LW0000022111:510:0000:460100% 2
Jake GuentzelC/LW/RW1012013016:330:0000:00052% 21
Joel EdmundsonD1121003119:521:3321:4400% 0
Kailer YamamotoC/LW/RW1122032019:262:5300:0000% 0
Kris LetangD0110271424:082:5310:4900% 0
Kyle CapobiancoD0001000015:260:0000:0000% 0
Matthew BenningD0111001015:590:0000:3300% 0
Patrick KaneC/RW0110010022:221:3302:01070% 10
Phil KesselC/RW000000005:540:0000:00050% 2
Tyler SeguinC/RW1010024022:221:3312:01057% 21
Tyson BarrieD0330001224:422:5301:2200% 0
ARIZONA Coyotes
Player Name POS G A P +/- PIM HIT SHT SB MP PP MP PP SHT PK MP PK SHT FO% FOT
Beau Starret C/LW000000000:000:0000:0000% 0
Braden SchneiderD000-1000015:400:0001:5300% 0
Brayden PointC/RW0110000018:532:3101:34033% 6
Carl HagelinLW/RW0000014014:430:0000:0000% 1
Dillon DubeC/LW/RW0110010014:430:0000:00053% 17
Dougie HamiltonD0111221323:301:5711:2100% 0
Justin AbdelkaderC/LW000-3221018:230:3500:00033% 21
Klim KostinC101100104:240:0000:00040% 5
Madison BoweyD0001241423:381:5701:2900% 0
Matt BoldyLW/RW1010024014:430:0000:0000% 1
Matthew TkachukLW/RW1010025020:472:3102:52050% 2
Nazem KadriC/LW/RW0221007025:112:3132:52054% 24
Sean DurziD000-2021121:401:0902:0300% 0
Timo MeierLW/RW000-3016020:060:3501:3410% 0
Travis BoydC/LW/RW000100004:240:0000:0000% 1
Tucker PoolmanD000-1000114:180:0000:1500% 0
Victor OlofssonLW/RW000-3000018:240:3500:0000% 1
Vince DunnD000-2221021:111:0801:5100% 0



Play-by-Play

1st period


0:01 of 1st period - Nazem Kadri wins face-off versus Tyler Seguin in neutral zone.
0:01 of 1st period - Nazem Kadri is hit by Tyler Seguin.
0:07 of 1st period - Shot by Matthew Tkachuk.
0:07 of 1st period - Stopped by Kevin Lankinen without a rebound.
0:08 of 1st period - Justin Abdelkader wins face-off versus Brock Boeser in MONTREAL Canadiens zone.
0:08 of 1st period - Justin Abdelkader is hit by Dakota Mermis.
0:12 of 1st period - Shot by Victor Olofsson.
0:12 of 1st period - Shot Misses the Net.
0:28 of 1st period - Shot by Brock Boeser.
0:28 of 1st period - Deflect By Jake Guentzel.
0:28 of 1st period - Goal by Jake Guentzel - MONTREAL Canadiens : 1 - ARIZONA Coyotes : 0.
0:29 of 1st period - Boone Jenner wins face-off versus Dillon Dube in neutral zone.
0:38 of 1st period - Shot by Isac Lundestrom.
0:38 of 1st period - Shot Misses the Net.
1:12 of 1st period - Shot by Isac Lundestrom.
1:12 of 1st period - Shot Misses the Net.
1:21 of 1st period - Tucker Poolman is hit by Patrick Kane and loses puck.
1:31 of 1st period - Icing by Kris Letang.
1:32 of 1st period - Tyler Seguin wins face-off versus Nazem Kadri in MONTREAL Canadiens zone.
1:39 of 1st period - Shot by Tyson Barrie.
1:39 of 1st period - Shot Blocked by Madison Bowey.
1:43 of 1st period - Shot by Cam Atkinson.
1:43 of 1st period - Goal by Cam Atkinson - MONTREAL Canadiens : 2 - ARIZONA Coyotes : 0.
1:44 of 1st period - Phil Kessel wins face-off versus Justin Abdelkader in neutral zone.
2:55 of 1st period - Shot by Matthew Tkachuk.
2:55 of 1st period - Stopped by Kevin Lankinen without a rebound.
2:56 of 1st period - Dillon Dube wins face-off versus Jake Guentzel in MONTREAL Canadiens zone.
3:23 of 1st period - Shot by Kailer Yamamoto.
3:23 of 1st period - Goal by Kailer Yamamoto - MONTREAL Canadiens : 3 - ARIZONA Coyotes : 0.
3:24 of 1st period - Nazem Kadri wins face-off versus Tyler Seguin in neutral zone.
3:45 of 1st period - Shot by Patrick Kane.
3:45 of 1st period - Shot Misses the Net.
3:47 of 1st period - Shot by Tyler Seguin.
3:47 of 1st period - Shot Misses the Net.
3:49 of 1st period - Shot by Patrick Kane.
3:49 of 1st period - Shot Misses the Net.
3:51 of 1st period - Shot by Tyler Seguin.
3:51 of 1st period - Shot Misses the Net.
3:53 of 1st period - Shot by Matthew Benning.
3:53 of 1st period - Shot Blocked by Dougie Hamilton.
3:55 of 1st period - Shot by Cam Atkinson.
3:55 of 1st period - Shot Misses the Net.
3:56 of 1st period - Minor Penalty to Dougie Hamilton for Kneeing.
3:57 of 1st period - Boone Jenner wins face-off versus Nazem Kadri in ARIZONA Coyotes zone.
3:58 of 1st period - Shot by Tyson Barrie.
3:58 of 1st period - Shot Misses the Net.
4:34 of 1st period - Nazem Kadri is hit by Kailer Yamamoto.
4:41 of 1st period - Icing by Boone Jenner.
4:42 of 1st period - Brayden Point wins face-off versus Boone Jenner in MONTREAL Canadiens zone.
4:43 of 1st period - Shot by Timo Meier.
4:43 of 1st period - Stopped by Kevin Lankinen without a rebound.
4:44 of 1st period - Patrick Kane wins face-off versus Nazem Kadri in MONTREAL Canadiens zone.
4:49 of 1st period - Shot by Patrick Kane.
4:49 of 1st period - Shot Misses the Net.
4:51 of 1st period - Shot by Tyler Seguin.
4:51 of 1st period - Stopped by Andrei Vasilevsky with a rebound.
4:55 of 1st period - Shot by Cam Atkinson.
4:55 of 1st period - Stopped by Andrei Vasilevsky without a rebound.
4:56 of 1st period - Patrick Kane wins face-off versus Brayden Point in ARIZONA Coyotes zone.
5:20 of 1st period - Cam Atkinson is hit by Madison Bowey and loses puck.
5:34 of 1st period - Off-side.
5:35 of 1st period - Nazem Kadri wins face-off versus Boone Jenner in neutral zone.
6:30 of 1st period - Shot by Timo Meier.
6:30 of 1st period - Stopped by Kevin Lankinen without a rebound.
6:31 of 1st period - Dillon Dube wins face-off versus Cam Atkinson in MONTREAL Canadiens zone.
6:31 of 1st period - Dillon Dube is hit by Kris Letang.
7:29 of 1st period - Icing by Matthew Tkachuk.
7:30 of 1st period - Jake Guentzel wins face-off versus Brayden Point in ARIZONA Coyotes zone.
7:43 of 1st period - Shot by Brock Boeser.
7:43 of 1st period - Stopped by Andrei Vasilevsky without a rebound.
7:44 of 1st period - Justin Abdelkader wins face-off versus Boone Jenner in ARIZONA Coyotes zone.
7:44 of 1st period - Justin Abdelkader is hit by Isac Lundestrom.
7:55 of 1st period - Isac Lundestrom is hit by Sean Durzi and loses puck.
8:16 of 1st period - Minor Penalty to Justin Abdelkader for Hooking.
8:17 of 1st period - Nazem Kadri wins face-off versus Patrick Kane in ARIZONA Coyotes zone.
8:29 of 1st period - Dakota Mermis is hit by Madison Bowey and loses puck.
8:32 of 1st period - Shot by Dakota Mermis.
8:32 of 1st period - Shot Misses the Net.
8:34 of 1st period - Shot by Cam Atkinson.
8:34 of 1st period - Shot Blocked by Dougie Hamilton.
8:36 of 1st period - Shot by Joel Edmundson.
8:36 of 1st period - Shot Misses the Net.
8:38 of 1st period - Shot by Joel Edmundson.
8:38 of 1st period - Stopped by Andrei Vasilevsky without a rebound.
8:39 of 1st period - Nazem Kadri wins face-off versus Boone Jenner in ARIZONA Coyotes zone.
8:46 of 1st period - Shot by Kris Letang.
8:46 of 1st period - Shot Blocked by Sean Durzi.
8:54 of 1st period - Shot by Kailer Yamamoto.
8:54 of 1st period - Shot Misses the Net.
8:56 of 1st period - Shot by Kailer Yamamoto.
8:56 of 1st period - Deflect By Brock Boeser.
8:56 of 1st period - Goal by Brock Boeser - MONTREAL Canadiens : 4 - ARIZONA Coyotes : 0.
8:56 of 1st period - Jaroslav Halak enters game.
8:57 of 1st period - Justin Abdelkader wins face-off versus Tyler Seguin in neutral zone.
8:57 of 1st period - Justin Abdelkader is hit by Cam Atkinson.
9:07 of 1st period - Shot by Timo Meier.
9:07 of 1st period - Stopped by Kevin Lankinen without a rebound.
9:08 of 1st period - Klim Kostin wins face-off versus Jake Guentzel in MONTREAL Canadiens zone.
9:08 of 1st period - Klim Kostin is hit by Kris Letang.
9:40 of 1st period - Shot by Kailer Yamamoto.
9:40 of 1st period - Shot Misses the Net.
10:37 of 1st period - Off-side.
10:38 of 1st period - Dillon Dube wins face-off versus Boone Jenner in neutral zone.
10:46 of 1st period - Icing by Isac Lundestrom.
10:47 of 1st period - Boone Jenner wins face-off versus Justin Abdelkader in MONTREAL Canadiens zone.
11:06 of 1st period - Shot by Victor Olofsson.
11:06 of 1st period - Shot Misses the Net.
11:08 of 1st period - Shot by Justin Abdelkader.
11:08 of 1st period - Stopped by Kevin Lankinen without a rebound.
11:09 of 1st period - Jake Guentzel wins face-off versus Dillon Dube in MONTREAL Canadiens zone.
12:19 of 1st period - Tyler Seguin is hit by Madison Bowey and loses puck.
12:29 of 1st period - Minor Penalty to Madison Bowey for Roughing.
12:30 of 1st period - Boone Jenner wins face-off versus Nazem Kadri in ARIZONA Coyotes zone.
12:36 of 1st period - Kailer Yamamoto is hit by Sean Durzi and loses puck.
13:37 of 1st period - Shot by Cam Atkinson.
13:37 of 1st period - Shot Blocked by Dougie Hamilton.
13:39 of 1st period - Shot by Tyler Seguin.
13:39 of 1st period - Deflect By Patrick Kane.
13:39 of 1st period - Shot Misses the Net.
13:41 of 1st period - Shot by Patrick Kane.
13:41 of 1st period - Deflect By Cam Atkinson.
13:41 of 1st period - Shot Misses the Net.
13:43 of 1st period - Shot by Joel Edmundson.
13:43 of 1st period - Goal by Joel Edmundson - MONTREAL Canadiens : 5 - ARIZONA Coyotes : 0.
13:44 of 1st period - Brett Howden wins face-off versus Justin Abdelkader in neutral zone.
14:00 of 1st period - Icing by Matthew Benning.
14:01 of 1st period - Dillon Dube wins face-off versus Phil Kessel in MONTREAL Canadiens zone.
15:00 of 1st period - Shot by Madison Bowey.
15:00 of 1st period - Shot Misses the Net.
15:16 of 1st period - Shot by Tyler Seguin.
15:16 of 1st period - Shot Misses the Net.
15:26 of 1st period - Cam Atkinson is hit by Matthew Tkachuk and loses puck.
15:55 of 1st period - Icing by Madison Bowey.
15:56 of 1st period - Jake Guentzel wins face-off versus Nazem Kadri in ARIZONA Coyotes zone.
15:57 of 1st period - Shot by Kailer Yamamoto.
15:57 of 1st period - Shot Misses the Net.
15:59 of 1st period - Shot by Brock Boeser.
15:59 of 1st period - Shot Misses the Net.
16:09 of 1st period - Kailer Yamamoto is hit by Dougie Hamilton and loses puck.
16:16 of 1st period - Shot by Kailer Yamamoto.
16:16 of 1st period - Shot Misses the Net.
16:18 of 1st period - Shot by Brock Boeser.
16:18 of 1st period - Shot Misses the Net.
17:26 of 1st period - Shot by Boone Jenner.
17:26 of 1st period - Shot Misses the Net.
17:28 of 1st period - Shot by Isac Lundestrom.
17:28 of 1st period - Stopped by Jaroslav Halak without a rebound.
17:29 of 1st period - Tyler Seguin wins face-off versus Dillon Dube in ARIZONA Coyotes zone.
17:34 of 1st period - Shot by Cam Atkinson.
17:34 of 1st period - Shot Misses the Net.
17:36 of 1st period - Shot by Tyler Seguin.
17:36 of 1st period - Stopped by Jaroslav Halak without a rebound.
17:37 of 1st period - Tyler Seguin wins face-off versus Justin Abdelkader in ARIZONA Coyotes zone.
17:54 of 1st period - Shot by Joel Edmundson.
17:54 of 1st period - Stopped by Jaroslav Halak with a rebound.
17:58 of 1st period - Shot by Tyler Seguin.
17:58 of 1st period - Goal by Tyler Seguin - MONTREAL Canadiens : 6 - ARIZONA Coyotes : 0.
17:59 of 1st period - Jake Guentzel wins face-off versus Dillon Dube in neutral zone.
18:04 of 1st period - Icing by Braden Schneider.
18:05 of 1st period - Dillon Dube wins face-off versus Tyler Seguin in ARIZONA Coyotes zone.
18:05 of 1st period - Dillon Dube is hit by Tyler Seguin.
18:26 of 1st period - Shot by Kris Letang.
18:26 of 1st period - Shot Blocked by Tucker Poolman.
19:16 of 1st period - Shot by Brock Boeser.
19:16 of 1st period - Shot Misses the Net.
19:18 of 1st period - Shot by Jake Guentzel.
19:18 of 1st period - Stopped by Jaroslav Halak without a rebound.
19:19 of 1st period - Boone Jenner wins face-off versus Justin Abdelkader in ARIZONA Coyotes zone.
19:19 of 1st period - Isac Lundestrom is hit by Vince Dunn and loses puck.
19:32 of 1st period - Shot by Timo Meier.
19:32 of 1st period - Stopped by Kevin Lankinen without a rebound.
19:33 of 1st period - Klim Kostin wins face-off versus Jake Guentzel in MONTREAL Canadiens zone.
19:36 of 1st period - Shot by Nazem Kadri.
19:36 of 1st period - Deflect By Klim Kostin.
19:36 of 1st period - Goal by Klim Kostin - MONTREAL Canadiens : 6 - ARIZONA Coyotes : 1.
19:37 of 1st period - Jake Guentzel wins face-off versus Justin Abdelkader in neutral zone.
Goals for this period are 6 for MONTREAL Canadiens vs 1 for ARIZONA Coyotes .
Shots for this period are 14 for MONTREAL Canadiens vs 8 for ARIZONA Coyotes .

2nd period


0:01 of 2nd period - Nazem Kadri wins face-off versus Tyler Seguin in neutral zone.
0:13 of 2nd period - Shot by Matthew Tkachuk.
0:13 of 2nd period - Deflect By Nazem Kadri.
0:13 of 2nd period - Shot Misses the Net.
0:15 of 2nd period - Shot by Nazem Kadri.
0:15 of 2nd period - Shot Misses the Net.
0:17 of 2nd period - Shot by Matthew Tkachuk.
0:17 of 2nd period - Goal by Matthew Tkachuk - MONTREAL Canadiens : 6 - ARIZONA Coyotes : 2.
0:18 of 2nd period - Justin Abdelkader wins face-off versus Jake Guentzel in neutral zone.
0:21 of 2nd period - Kailer Yamamoto is hit by Justin Abdelkader and loses puck.
0:34 of 2nd period - Shot by Victor Olofsson.
0:34 of 2nd period - Deflect By Timo Meier.
0:34 of 2nd period - Shot Misses the Net.
0:59 of 2nd period - Icing by Kailer Yamamoto.
1:00 of 2nd period - Nazem Kadri wins face-off versus Jake Guentzel in MONTREAL Canadiens zone.
1:14 of 2nd period - Dakota Mermis is hit by Dougie Hamilton and loses puck.
1:35 of 2nd period - Matthew Tkachuk is hit by Cam Atkinson and loses puck.
1:44 of 2nd period - Shot by Patrick Kane.
1:44 of 2nd period - Shot Blocked by Madison Bowey.
1:48 of 2nd period - Shot by Patrick Kane.
1:48 of 2nd period - Shot Misses the Net.
3:08 of 2nd period - Shot by Isac Lundestrom.
3:08 of 2nd period - Shot Misses the Net.
3:57 of 2nd period - Carl Hagelin is hit by Brett Howden and loses puck.
4:16 of 2nd period - Shot by Matt Boldy.
4:16 of 2nd period - Shot Misses the Net.
4:18 of 2nd period - Shot by Braden Schneider.
4:18 of 2nd period - Deflect By Matt Boldy.
4:18 of 2nd period - Shot Blocked by Kris Letang.
4:26 of 2nd period - Shot by Matt Boldy.
4:26 of 2nd period - Shot Blocked by Tyson Barrie.
4:28 of 2nd period - Shot by Carl Hagelin.
4:28 of 2nd period - Stopped by Kevin Lankinen without a rebound.
4:29 of 2nd period - Tyler Seguin wins face-off versus Klim Kostin in MONTREAL Canadiens zone.
4:44 of 2nd period - Shot by Cam Atkinson.
4:44 of 2nd period - Stopped by Jaroslav Halak without a rebound.
4:45 of 2nd period - Jake Guentzel wins face-off versus Matt Boldy in ARIZONA Coyotes zone.
4:57 of 2nd period - Icing by Tucker Poolman.
4:58 of 2nd period - Dillon Dube wins face-off versus Tyler Seguin in ARIZONA Coyotes zone.
5:19 of 2nd period - Shot by Dillon Dube.
5:19 of 2nd period - Deflect By Matt Boldy.
5:19 of 2nd period - Stopped by Kevin Lankinen without a rebound.
5:20 of 2nd period - Nazem Kadri wins face-off versus Brock Boeser in MONTREAL Canadiens zone.
5:21 of 2nd period - Shot by Matthew Tkachuk.
5:21 of 2nd period - Deflect By Nazem Kadri.
5:21 of 2nd period - Stopped by Kevin Lankinen without a rebound.
5:22 of 2nd period - Nazem Kadri wins face-off versus Jake Guentzel in MONTREAL Canadiens zone.
5:29 of 2nd period - Shot by Matthew Tkachuk.
5:29 of 2nd period - Stopped by Kevin Lankinen with a rebound.
5:52 of 2nd period - Shot by Jake Guentzel.
5:52 of 2nd period - Stopped by Jaroslav Halak without a rebound.
5:53 of 2nd period - Justin Abdelkader wins face-off versus Tyler Seguin in ARIZONA Coyotes zone.
6:01 of 2nd period - Off-side.
6:02 of 2nd period - Tyler Seguin wins face-off versus Justin Abdelkader in neutral zone.
6:11 of 2nd period - Tyler Seguin is hit by Justin Abdelkader and loses puck.
7:04 of 2nd period - Isac Lundestrom is hit by Timo Meier and loses puck.
7:45 of 2nd period - Shot by Nazem Kadri.
7:45 of 2nd period - Stopped by Kevin Lankinen with a rebound.
7:47 of 2nd period - Shot by Nazem Kadri.
7:47 of 2nd period - Stopped by Kevin Lankinen without a rebound.
7:48 of 2nd period - Jake Guentzel wins face-off versus Dillon Dube in MONTREAL Canadiens zone.
8:19 of 2nd period - Icing by Braden Schneider.
8:20 of 2nd period - Tyler Seguin wins face-off versus Dillon Dube in ARIZONA Coyotes zone.
9:28 of 2nd period - Shot by Boone Jenner.
9:28 of 2nd period - Stopped by Jaroslav Halak with a rebound.
9:30 of 2nd period - Shot by Boone Jenner.
9:30 of 2nd period - Shot Blocked by Madison Bowey.
9:32 of 2nd period - Shot by Isac Lundestrom.
9:32 of 2nd period - Shot Blocked by Madison Bowey.
11:04 of 2nd period - Phil Kessel is hit by Matt Boldy and loses puck.
11:09 of 2nd period - Shot by Carl Hagelin.
11:09 of 2nd period - Deflect By Matt Boldy.
11:09 of 2nd period - Shot Blocked by Joel Edmundson.
11:11 of 2nd period - Shot by Carl Hagelin.
11:11 of 2nd period - Stopped by Kevin Lankinen without a rebound.
11:12 of 2nd period - Dillon Dube wins face-off versus Tyler Seguin in MONTREAL Canadiens zone.
11:15 of 2nd period - Shot by Carl Hagelin.
11:15 of 2nd period - Shot Misses the Net.
11:31 of 2nd period - Shot by Carl Hagelin.
11:31 of 2nd period - Deflect By Matt Boldy.
11:31 of 2nd period - Stopped by Kevin Lankinen with a rebound.
11:33 of 2nd period - Shot by Tucker Poolman.
11:33 of 2nd period - Shot Misses the Net.
11:35 of 2nd period - Shot by Carl Hagelin.
11:35 of 2nd period - Stopped by Kevin Lankinen without a rebound.
11:36 of 2nd period - Isac Lundestrom wins face-off versus Klim Kostin in MONTREAL Canadiens zone.
12:20 of 2nd period - Shot by Boone Jenner.
12:20 of 2nd period - Shot Misses the Net.
13:21 of 2nd period - Shot by Cam Atkinson.
13:21 of 2nd period - Shot Misses the Net.
13:25 of 2nd period - Shot by Tyler Seguin.
13:25 of 2nd period - Shot Misses the Net.
14:31 of 2nd period - Shot by Phil Kessel.
14:31 of 2nd period - Shot Misses the Net.
14:54 of 2nd period - Icing by Vince Dunn.
14:55 of 2nd period - Cam Atkinson wins face-off versus Justin Abdelkader in ARIZONA Coyotes zone.
14:58 of 2nd period - Shot by Tyler Seguin.
14:58 of 2nd period - Stopped by Jaroslav Halak without a rebound.
14:59 of 2nd period - Nazem Kadri wins face-off versus Tyler Seguin in ARIZONA Coyotes zone.
14:59 of 2nd period - Nazem Kadri is hit by Cam Atkinson.
15:16 of 2nd period - Shot by Patrick Kane.
15:16 of 2nd period - Shot Hit the Post.
15:18 of 2nd period - Shot by Tyson Barrie.
15:18 of 2nd period - Stopped by Jaroslav Halak without a rebound.
15:19 of 2nd period - Dillon Dube wins face-off versus Jake Guentzel in ARIZONA Coyotes zone.
15:44 of 2nd period - Shot by Matt Boldy.
15:44 of 2nd period - Shot Misses the Net.
16:14 of 2nd period - Shot by Cam Atkinson.
16:14 of 2nd period - Shot Misses the Net.
17:21 of 2nd period - Shot by Boone Jenner.
17:21 of 2nd period - Shot Misses the Net.
17:23 of 2nd period - Shot by Gabriel Vilardi.
17:23 of 2nd period - Shot Misses the Net.
17:48 of 2nd period - Icing by Nazem Kadri.
17:49 of 2nd period - Jake Guentzel wins face-off versus Nazem Kadri in ARIZONA Coyotes zone.
17:50 of 2nd period - Shot by Matthew Benning.
17:50 of 2nd period - Stopped by Jaroslav Halak without a rebound.
17:51 of 2nd period - Justin Abdelkader wins face-off versus Jake Guentzel in ARIZONA Coyotes zone.
17:51 of 2nd period - Vince Dunn is hit by Jake Guentzel and loses puck.
17:58 of 2nd period - Shot by Brock Boeser.
17:58 of 2nd period - Goal by Brock Boeser - MONTREAL Canadiens : 7 - ARIZONA Coyotes : 2.
17:59 of 2nd period - Tyler Seguin wins face-off versus Dillon Dube in neutral zone.
18:01 of 2nd period - Cam Atkinson is hit by Madison Bowey and loses puck.
18:08 of 2nd period - Shot by Cam Atkinson.
18:08 of 2nd period - Stopped by Jaroslav Halak without a rebound.
18:09 of 2nd period - Tyler Seguin wins face-off versus Justin Abdelkader in ARIZONA Coyotes zone.
18:09 of 2nd period - Tyson Barrie is hit by Vince Dunn and loses puck.
18:48 of 2nd period - Shot by Timo Meier.
18:48 of 2nd period - Shot Misses the Net.
18:50 of 2nd period - Shot by Vince Dunn.
18:50 of 2nd period - Shot Blocked by Kris Letang.
19:11 of 2nd period - Minor Penalty to Kris Letang for Holding.
19:12 of 2nd period - Gabriel Vilardi wins face-off versus Nazem Kadri in MONTREAL Canadiens zone.
19:25 of 2nd period - Shot by Brayden Point.
19:25 of 2nd period - Deflect By Matthew Tkachuk.
19:25 of 2nd period - Shot Blocked by Isac Lundestrom.
Goals for this period are 1 for MONTREAL Canadiens vs 1 for ARIZONA Coyotes .
Shots for this period are 8 for MONTREAL Canadiens vs 10 for ARIZONA Coyotes .

3rd period


0:01 of 3rd period - Patrick Kane wins face-off versus Nazem Kadri in neutral zone.
0:10 of 3rd period - Shot by Brayden Point.
0:10 of 3rd period - Shot Blocked by Tyson Barrie.
0:12 of 3rd period - Shot by Nazem Kadri.
0:12 of 3rd period - Stopped by Kevin Lankinen without a rebound.
0:13 of 3rd period - Patrick Kane wins face-off versus Justin Abdelkader in MONTREAL Canadiens zone.
0:24 of 3rd period - Shot by Dougie Hamilton.
0:24 of 3rd period - Stopped by Kevin Lankinen without a rebound.
0:25 of 3rd period - Patrick Kane wins face-off versus Nazem Kadri in MONTREAL Canadiens zone.
0:36 of 3rd period - Shot by Nazem Kadri.
0:36 of 3rd period - Stopped by Kevin Lankinen with a rebound.
0:38 of 3rd period - Shot by Sean Durzi.
0:38 of 3rd period - Shot Blocked by Dakota Mermis.
0:40 of 3rd period - Shot by Sean Durzi.
0:40 of 3rd period - Shot Misses the Net.
1:23 of 3rd period - Justin Abdelkader is hit by Kris Letang and loses puck.
1:43 of 3rd period - Victor Olofsson is hit by Kris Letang and loses puck.
2:06 of 3rd period - Shot by Matt Boldy.
2:06 of 3rd period - Stopped by Kevin Lankinen without a rebound.
2:07 of 3rd period - Dillon Dube wins face-off versus Boone Jenner in MONTREAL Canadiens zone.
2:24 of 3rd period - Tucker Poolman is hit by Isac Lundestrom and loses puck.
2:39 of 3rd period - Shot by Isac Lundestrom.
2:39 of 3rd period - Stopped by Jaroslav Halak without a rebound.
2:40 of 3rd period - Tyler Seguin wins face-off versus Matthew Tkachuk in ARIZONA Coyotes zone.
3:03 of 3rd period - Shot by Patrick Kane.
3:03 of 3rd period - Deflect By Cam Atkinson.
3:03 of 3rd period - Stopped by Jaroslav Halak without a rebound.
3:04 of 3rd period - Brett Howden wins face-off versus Justin Abdelkader in ARIZONA Coyotes zone.
3:28 of 3rd period - Victor Olofsson is hit by Kris Letang and loses puck.
3:35 of 3rd period - Shot by Timo Meier.
3:35 of 3rd period - Stopped by Kevin Lankinen with a rebound.
3:37 of 3rd period - Shot by Timo Meier.
3:37 of 3rd period - Stopped by Kevin Lankinen without a rebound.
3:38 of 3rd period - Tyler Seguin wins face-off versus Brayden Point in MONTREAL Canadiens zone.
3:38 of 3rd period - Tyler Seguin is hit by Matthew Tkachuk.
3:46 of 3rd period - Shot by Cam Atkinson.
3:46 of 3rd period - Shot Misses the Net.
4:09 of 3rd period - Icing by Vince Dunn.
4:10 of 3rd period - Nazem Kadri wins face-off versus Jake Guentzel in ARIZONA Coyotes zone.
4:10 of 3rd period - Nazem Kadri is hit by Kailer Yamamoto.
4:29 of 3rd period - Brayden Point is hit by Kailer Yamamoto and loses puck.
5:01 of 3rd period - Icing by Justin Abdelkader.
5:02 of 3rd period - Tyler Seguin wins face-off versus Victor Olofsson in ARIZONA Coyotes zone.
5:56 of 3rd period - Off-side.
5:57 of 3rd period - Brayden Point wins face-off versus Boone Jenner in neutral zone.
5:59 of 3rd period - Sean Durzi is hit by Kris Letang and loses puck.
6:25 of 3rd period - Icing by Matthew Tkachuk.
6:26 of 3rd period - Jake Guentzel wins face-off versus Nazem Kadri in ARIZONA Coyotes zone.
6:45 of 3rd period - Shot by Nazem Kadri.
6:45 of 3rd period - Stopped by Kevin Lankinen with a rebound.
7:05 of 3rd period - Brock Boeser is hit by Matt Boldy and loses puck.
7:20 of 3rd period - Shot by Matt Boldy.
7:20 of 3rd period - Deflect By Dillon Dube.
7:20 of 3rd period - Shot Misses the Net.
9:01 of 3rd period - Off-side.
9:02 of 3rd period - Isac Lundestrom wins face-off versus Travis Boyd in neutral zone.
10:28 of 3rd period - Matt Boldy is hit by Dakota Mermis and loses puck.
11:22 of 3rd period - Shot by Cam Atkinson.
11:22 of 3rd period - Stopped by Jaroslav Halak without a rebound.
11:23 of 3rd period - Jake Guentzel wins face-off versus Brayden Point in ARIZONA Coyotes zone.
11:38 of 3rd period - Shot by Kailer Yamamoto.
11:38 of 3rd period - Stopped by Jaroslav Halak with a rebound.
11:50 of 3rd period - Shot by Vince Dunn.
11:50 of 3rd period - Stopped by Kevin Lankinen without a rebound.
11:51 of 3rd period - Tyler Seguin wins face-off versus Carl Hagelin in MONTREAL Canadiens zone.
11:51 of 3rd period - Tyler Seguin is hit by Dillon Dube.
11:54 of 3rd period - Cam Atkinson is hit by Carl Hagelin and loses puck.
12:01 of 3rd period - Shot by Dillon Dube.
12:01 of 3rd period - Shot Blocked by Kris Letang.
12:03 of 3rd period - Shot by Matt Boldy.
12:03 of 3rd period - Goal by Matt Boldy - MONTREAL Canadiens : 7 - ARIZONA Coyotes : 3.
12:04 of 3rd period - Carl Grundstrom wins face-off versus Justin Abdelkader in neutral zone.
12:20 of 3rd period - Justin Abdelkader is hit by Carl Grundstrom and loses puck.
13:13 of 3rd period - Shot by Matthew Tkachuk.
13:13 of 3rd period - Stopped by Kevin Lankinen without a rebound.
13:14 of 3rd period - Jake Guentzel wins face-off versus Klim Kostin in MONTREAL Canadiens zone.
13:34 of 3rd period - Shot by Klim Kostin.
13:34 of 3rd period - Shot Misses the Net.
13:50 of 3rd period - Shot by Nazem Kadri.
13:50 of 3rd period - Shot Misses the Net.
14:46 of 3rd period - Icing by Kailer Yamamoto.
14:47 of 3rd period - Justin Abdelkader wins face-off versus Jake Guentzel in MONTREAL Canadiens zone.
16:42 of 3rd period - Carl Hagelin is hit by Kris Letang and loses puck.
16:53 of 3rd period - Shot by Carl Hagelin.
16:53 of 3rd period - Stopped by Kevin Lankinen without a rebound.
16:54 of 3rd period - Boone Jenner wins face-off versus Justin Abdelkader in MONTREAL Canadiens zone.
17:20 of 3rd period - Shot by Isac Lundestrom.
17:20 of 3rd period - Deflect By Gabriel Vilardi.
17:20 of 3rd period - Stopped by Jaroslav Halak without a rebound.
17:21 of 3rd period - Brett Howden wins face-off versus Dillon Dube in ARIZONA Coyotes zone.
17:27 of 3rd period - Minor Penalty to Carl Grundstrom for Roughing.
17:28 of 3rd period - Patrick Kane wins face-off versus Nazem Kadri in MONTREAL Canadiens zone.
18:11 of 3rd period - Shot by Nazem Kadri.
18:11 of 3rd period - Stopped by Kevin Lankinen without a rebound.
18:12 of 3rd period - Patrick Kane wins face-off versus Justin Abdelkader in MONTREAL Canadiens zone.
18:27 of 3rd period - Shot by Sean Durzi.
18:27 of 3rd period - Shot Blocked by Kris Letang.
18:34 of 3rd period - Minor Penalty to Vince Dunn for High sticking.
18:35 of 3rd period - Nazem Kadri wins face-off versus Patrick Kane in ARIZONA Coyotes zone.
19:02 of 3rd period - Shot by Nazem Kadri.
19:02 of 3rd period - Shot Misses the Net.
19:04 of 3rd period - Shot by Madison Bowey.
19:04 of 3rd period - Shot Misses the Net.
19:06 of 3rd period - Shot by Madison Bowey.
19:06 of 3rd period - Stopped by Kevin Lankinen with a rebound.
19:18 of 3rd period - Shot by Sean Durzi.
19:18 of 3rd period - Stopped by Kevin Lankinen without a rebound.
19:19 of 3rd period - Matthew Tkachuk wins face-off versus Cam Atkinson in MONTREAL Canadiens zone.
19:50 of 3rd period - Shot by Kailer Yamamoto.
19:50 of 3rd period - Shot Misses the Net.
19:52 of 3rd period - Shot by Tyson Barrie.
19:52 of 3rd period - Shot Misses the Net.
19:54 of 3rd period - Shot by Kris Letang.
19:54 of 3rd period - Stopped by Jaroslav Halak without a rebound.
19:55 of 3rd period - Nazem Kadri wins face-off versus Patrick Kane in ARIZONA Coyotes zone.
Goals for this period are 0 for MONTREAL Canadiens vs 1 for ARIZONA Coyotes .
Shots for this period are 6 for MONTREAL Canadiens vs 14 for ARIZONA Coyotes .